[Event "ICCopen2017"]
[Site "Internet Chess Club"]
[Date "2017.03.25"]
[Round "5"]
[White "Teoretik"]
[Black "uggi"]
[Result "1-0"]
[ICCResult "Black forfeits on time"]
[WhiteElo "1693"]
[BlackElo "1926"]
[Opening "Four knights: Spanish variation"]
[ECO "C48"]
[NIC "KP.03"]
[Time "14:51:33"]
[TimeControl "180+0"]

1. e4 e5 2. Nc3 Nf6 3. Nf3 Nc6 4. Bb5 d6 5. d4 Bd7 6. dxe5 dxe5 7. O-O Bd6
8. Re1 Qe7 9. Bg5 Qe6 10. Bxf6 Qxf6 11. Nd5 Qg6 12. c4 O-O-O 13. Qa4 a6 14.
Bxc6 Bxc6 15. Qc2 Rhe8 16. Rad1 Bxd5 17. cxd5 Kb8 18. Rc1 Qh6 19. a3 g6 20.
b4 f5 21. exf5 gxf5 22. Qxf5 Rf8 23. Qe4 Rf4 24. Qe3 e4 25. Nd4 Rg8 26. Nf5
Qg6 27. Ng3 h5 28. b5 h4 29. bxa6 bxa6 30. Qb3+ Kc8 31. Qa4 hxg3 32. Qxa6+
Kd7 33. Qc6+ Ke7 34. fxg3 Rg4 35. Qc2 Rf8 36. Qd2 Rg5 37. Rxe4+ Qxe4 38.
Qxg5+ Kd7 39. Qg7+ {Black forfeits on time} 1-0

[Event "ICCopen2017"]
[Site "Internet Chess Club"]
[Date "2017.03.25"]
[Round "5"]
[White "Nfurter"]
[Black "jasrom"]
[Result "1-0"]
[ICCResult "Black checkmated"]
[WhiteElo "1743"]
[BlackElo "1969"]
[Opening "French: Steinitz variation"]
[ECO "C11"]
[NIC "FR.04"]
[Time "14:51:29"]
[TimeControl "180+0"]

1. e4 e6 2. Nc3 d5 3. d4 Nf6 4. e5 Nfd7 5. Nce2 c5 6. c3 Qa5 7. Bd2 Nc6 8.
f4 Qb6 9. Nf3 Qxb2 10. Rb1 Qa3 11. Ng3 cxd4 12. Nxd4 Nxd4 13. cxd4 g6 14.
Rb3 Qxa2 15. h4 h5 16. Bd3 Qa4 17. Bc3 a6 18. Qb1 Be7 19. O-O Bxh4 20. f5
Bxg3 21. fxg6 fxg6 22. Bxg6+ Kd8 23. Rb6 Nxe5 24. dxe5 Qh4 25. Rd6+ Bd7 26.
Rxd7+ Kxd7 27. Qxb7+ Kd8 28. Ba5# {Black checkmated} 1-0

[Event "ICCopen2017"]
[Site "Internet Chess Club"]
[Date "2017.03.25"]
[Round "5"]
[White "Cowboystiefel"]
[Black "chalimo77"]
[Result "1-0"]
[ICCResult "Black forfeits on time"]
[WhiteElo "2123"]
[BlackElo "1583"]
[Opening "Old Benoni: Schmid's system"]
[ECO "A43"]
[NIC "OI.09"]
[Time "14:51:50"]
[TimeControl "180+0"]

1. d4 c5 2. d5 d6 3. Nc3 g6 4. e4 Bg7 5. Bb5+ Bd7 6. a4 a6 7. Be2 Nf6 8. Nf3
e6 9. O-O O-O 10. Nd2 exd5 11. exd5 Re8 12. Nc4 Bf5 13. Bf4 Ne4 14. Nxe4
Rxe4 15. Bg3 Be5 16. Nxe5 dxe5 17. c3 b5 18. Bd3 Rxa4 19. Bxf5 Rxa1 20. Qxa1
gxf5 21. Rd1 f4 22. Qb1 fxg3 23. hxg3 Qg5 24. Qe4 Nd7 25. d6 Re8 26. Qc6 Qg4
27. Ra1 Rd8 28. Qc7 Qg5 29. Rf1 b4 30. Qb7 bxc3 31. bxc3 a5 32. Qa6 e4 33.
Qxa5 Rb8 34. Qc7 Qd8 35. Rd1 Nf6 36. Qxc5 Rc8 37. Qg5+ Kh8 38. Qe5 Kg7 39.
Qg5+ Kh8 40. Qe5 Kg7 41. d7 Rc7 42. Rd6 Kg6 43. Rxf6+ Kg7 44. Qg5+ Kh8 45.
Qf5 Rxc3 46. Rxf7 Rc1+ 47. Kh2 Qg8 48. Rf8 Rc8 49. Rxg8+
{Black forfeits on time}
1-0

[Event "ICCopen2017"]
[Site "Internet Chess Club"]
[Date "2017.03.25"]
[Round "5"]
[White "pehuensur"]
[Black "anakinnn"]
[Result "1-0"]
[ICCResult "Black forfeits on time"]
[WhiteElo "1467"]
[BlackElo "1256"]
[Opening "Alekhine's defense"]
[ECO "B02"]
[NIC "AL.10"]
[Time "14:51:10"]
[TimeControl "180+0"]

1. e4 Nf6 2. Nc3 d6 3. d3 g6 4. f4 Bg7 5. Nf3 O-O 6. Be3 c5 7. Qd2 Nc6 8. h4
h5 9. Be2 Ng4 10. O-O-O Nxe3 11. Qxe3 Nd4 12. Nd5 e6 13. Nc3 Qb6 14. Ng5 Nb5
15. Nxb5 Qxb5 16. e5 dxe5 17. fxe5 f6 18. d4 c4 19. Nf3 fxe5 20. Nxe5 Bxe5
21. Qxe5 Qxe5 22. dxe5 b5 23. a4 a6 24. Bf3 Ra7 25. axb5 axb5 26. Bc6 Rf2
27. Kb1 b4 28. Rd8+ Rf8 29. Rxf8+ Kxf8 30. Rd1 Ke7 31. Bb5 c3 32. bxc3 bxc3
33. Rd3 Rb7 34. Rxc3 Rxb5+ 35. Kc1 Ba6 36. Rc7+ Kd8 37. Rg7 Rxe5 38. Rxg6
Re4 39. Rg8+ Kd7 40. Ra8 Bf1 41. Ra7+ Kd6 42. g3 Rg4 43. Ra5
{Black forfeits on time}
1-0

[Event "ICCopen2017"]
[Site "Internet Chess Club"]
[Date "2017.03.25"]
[Round "5"]
[White "waynerooney"]
[Black "gannikus1992"]
[Result "1/2-1/2"]
[ICCResult "Game drawn by repetition"]
[WhiteElo "1972"]
[BlackElo "2423"]
[Opening "Pirc: classical, h3 system"]
[ECO "B08"]
[NIC "PU.10"]
[Time "14:51:11"]
[TimeControl "180+0"]

1. e4 d6 2. d4 g6 3. Nf3 Nf6 4. Nc3 Bg7 5. h3 O-O 6. Be3 c6 7. Be2 Nbd7 8.
Qd2 b5 9. Bh6 b4 10. Bxg7 Kxg7 11. Nd1 Nxe4 12. Qxb4 Rb8 13. Qa3 Qb6 14. O-O
Ndf6 15. Bd3 Bf5 16. b3 Rfc8 17. Ne3 c5 18. Nxf5+ gxf5 19. Nh4 e6 20. Bxe4
fxe4 21. Qc1 h6 22. dxc5 Qxc5 23. c4 Qg5 24. g3 d5 25. Kh2 d4 26. f4 exf3
27. Rxf3 Qxc1 28. Rxc1 Nd7 29. Rcf1 f5 30. g4 Ne5 31. Rf4 fxg4 32. hxg4 Rf8
33. Rxf8 Rxf8 34. Re1 Nxg4+ 35. Kg3 Ne3 36. Ng2 Nxg2 37. Kxg2 Kf6 38. c5 e5
39. b4 Ke6 40. b5 Kd5 41. Rc1 e4 42. c6 e3 43. c7 Rc8 44. Kf3 Rf8+ 45. Kg2
d3 46. c8=Q Rxc8 47. Rxc8 d2 48. Rd8+ Ke4 49. Kf1 Kf4 50. Rf8+ Ke4 51. Rd8
Kf3 52. Rf8+ Ke4 53. Rd8 Kf3 54. Rf8+ Ke4 55. Rd8 {Game drawn by repetition}
1/2-1/2

[Event "ICCopen2017"]
[Site "Internet Chess Club"]
[Date "2017.03.25"]
[Round "5"]
[White "tdimarco"]
[Black "ivancele"]
[Result "1-0"]
[ICCResult "Black forfeits on time"]
[WhiteElo "1255"]
[BlackElo "1404"]
[Opening "Pirc defense"]
[ECO "B07"]
[NIC "PU.08"]
[Time "14:52:01"]
[TimeControl "180+0"]

1. e4 d6 2. d4 Nf6 3. Bd3 c6 4. c4 g6 5. f4 Bg7 6. Nf3 Qc7 7. Nc3 a6 8. Be3
Nbd7 9. Qd2 e5 10. f5 O-O 11. fxg6 fxg6 12. O-O-O Ng4 13. dxe5 Nxe3 14. exd6
Qxd6 15. Qxe3 Qb4 16. Qd2 Nc5 17. a3 Nxd3+ 18. Qxd3 Qb3 19. Rd2 Be6 20. Nb1
Qa2 21. Qc2 Bh6 22. b3 Qxc2+ 23. Kxc2 Bxd2 24. Nbxd2 Rad8 25. Rd1 Bg4 26. h3
Bxf3 27. Nxf3 Rxd1 28. Kxd1 Re8 29. e5 Kf7 30. Kc2 Ke6 31. Kd3 Kf5 32. Ke3
h5 33. b4 b6 34. a4 c5 35. bxc5 bxc5 36. Kf2 g5 37. g3 Rb8 38. e6 Rb2+ 39.
Ke3 Rb3+ 40. Kf2 Kxe6 41. Nxg5+ Kf5 42. Nf3 Ke4 43. Nd2+ Kd3 44. Nxb3 Kxc4
45. Nd2+ Kb4 46. Ke2 Kxa4 47. Kd1 Kb4 48. Kc2 c4 49. g4 hxg4 50. hxg4 a5 51.
g5 {Black forfeits on time} 1-0

[Event "ICCopen2017"]
[Site "Internet Chess Club"]
[Date "2017.03.25"]
[Round "5"]
[White "fletcherdavid"]
[Black "StevieMcStiefel"]
[Result "0-1"]
[ICCResult "White checkmated"]
[WhiteElo "1845"]
[BlackElo "1630"]
[Opening "Nimzovich-Larsen attack: classical variation"]
[ECO "A01"]
[NIC "VO.08"]
[Time "14:51:53"]
[TimeControl "180+0"]

1. b3 d5 2. e3 e5 3. Bb2 f6 4. c4 c6 5. d4 e4 6. Nc3 Bb4 7. cxd5 cxd5 8.
Bb5+ Nc6 9. Ne2 Ne7 10. a3 Bd6 11. b4 O-O 12. Qb3 Kh8 13. Nxd5 Nxd5 14. Qxd5
Bxb4+ 15. axb4 Qxd5 16. Bxc6 bxc6 17. O-O Ba6 18. Nf4 Qb3 19. Rfb1 Bd3 20.
Nxd3 exd3 21. d5 cxd5 22. Bd4 Qc4 23. Rc1 Qb5 24. Rd1 Rfc8 25. h3 Rc2 26.
Bc5 a5 27. Be7 Re8 28. Bd6 axb4 29. Rab1 Qc4 30. Kh2 Qc6 31. Bxb4 Qc7+ 32.
Kg1 Rb8 33. Ba5 Rxb1 34. Bxc7 Rxd1+ 35. Kh2 Rdd2 36. Kg3 Rxf2 37. h4 Rxg2+
38. Kh3 d2 39. Kxg2 d1=Q+ 40. Kh3 Qh1+ 41. Kg3 Rg2+ 42. Kf4 Qf1#
{White checkmated}
0-1

[Event "ICCopen2017"]
[Site "Internet Chess Club"]
[Date "2017.03.25"]
[Round "5"]
[White "RdgMx"]
[Black "Hashimof"]
[Result "1-0"]
[ICCResult "Black resigns"]
[WhiteElo "1802"]
[BlackElo "1941"]
[Opening "Queen's pawn game"]
[ECO "A46"]
[NIC "QP.05"]
[Time "14:52:31"]
[TimeControl "180+0"]

1. d4 Nf6 2. Nf3 e6 3. Bf4 d5 4. e3 Be7 5. Nbd2 c5 6. Ne5 cxd4 7. exd4 Nc6
8. c3 O-O 9. Bd3 a5 10. O-O Nxe5 11. Bxe5 b6 12. Re1 Ba6 13. Bc2 Bb7 14. Re3
g6 15. Rh3 Nd7 16. Qe1 Nxe5 17. Qxe5 Bf6 18. Qf4 Bg7 19. Nf3 Qf6 20. Qe3 b5
21. Ne5 Rfd8 22. Ng4 Qe7 23. Nh6+ Kh8 24. Rf3 f5 25. Re1 Re8 26. Rh3 b4 27.
Qf3 Bc6 28. Qg3 bxc3 29. bxc3 Rab8 30. Bb3 a4 31. Bc2 Rb2 32. Bb1 Reb8 33.
Bd3 Rxa2 34. Qxb8+ Qf8 35. Qxf8+ Bxf8 36. Nf7+ Kg7 37. Ng5 Bd7 38. Rxh7+ Kf6
39. h4 Be8 40. Ra7 Be7 41. Rxe6+ Kg7 42. Rexe7+ Kf8 43. Nh7+ {Black resigns}
1-0

[Event "ICCopen2017"]
[Site "Internet Chess Club"]
[Date "2017.03.25"]
[Round "5"]
[White "Theunrock"]
[Black "tirandopiezas"]
[Result "0-1"]
[ICCResult "White forfeits on time"]
[WhiteElo "1681"]
[BlackElo "2024"]
[Opening "Dunst (Sleipner, Heinrichsen) opening"]
[ECO "A00"]
[NIC "VO.15"]
[Time "14:51:56"]
[TimeControl "180+0"]

1. Nc3 Nf6 2. d3 e6 3. f4 Bb4 4. Nf3 d5 5. Bd2 d4 6. Ne4 Bxd2+ 7. Qxd2 Nc6
8. g3 Nd5 9. Bg2 Ne3 10. Kf2 f5 11. Nc5 b6 12. Nb3 Nxg2 13. Kxg2 Bb7 14.
Rhe1 O-O 15. Kf2 Qd5 16. e4 dxe3+ 17. Rxe3 Rae8 18. Rae1 a5 19. c4 Qd6 20.
d4 a4 21. Na1 Na5 22. b3 Be4 23. Ne5 c5 24. Rxe4 fxe4 25. Rxe4 Rd8 26. Ke3
Nc6 27. Nc2 cxd4+ 28. Nxd4 Nxd4 29. Qxd4 Qxd4+ 30. Rxd4 Rxd4 31. Kxd4 axb3
32. axb3 Rd8+ 33. Ke4 Rd2 34. b4 Kf8 35. c5 bxc5 36. bxc5 Ke7 37. Ke3 Rxh2
38. Kd4 Rd2+ 39. Kc4 Rg2 40. g4 Rf2 41. Nc6+ Kf6 {White forfeits on time}
0-1

[Event "ICCopen2017"]
[Site "Internet Chess Club"]
[Date "2017.03.25"]
[Round "5"]
[White "AlonzoMosely"]
[Black "Irenaeus"]
[Result "1-0"]
[ICCResult "Black forfeits on time"]
[WhiteElo "2220"]
[BlackElo "1715"]
[Opening "Ruy Lopez: fianchetto (Smyslov/Barnes) defense"]
[ECO "C60"]
[NIC "RL.03"]
[Time "14:51:57"]
[TimeControl "180+0"]

1. e4 e5 2. Nf3 Nc6 3. Bb5 g6 4. c3 Bg7 5. d4 Nge7 6. O-O exd4 7. cxd4 d5 8.
exd5 Nxd5 9. Re1+ Be6 10. Bxc6+ bxc6 11. Nc3 O-O 12. Bg5 Qd6 13. Ne4 Qb4 14.
Qd2 Rab8 15. b3 Qxd2 16. Bxd2 Bg4 17. Ne5 Bxe5 18. dxe5 Bf5 19. Rac1 Rfe8
20. Rxc6 Bxe4 21. Rxe4 Rb6 22. Rc5 c6 23. f4 Re6 24. Ra4 Re7 25. Kf2 g5 26.
g3 gxf4 27. gxf4 Kg7 28. Raa5 Kg6 29. Kf3 Kf5 30. Rxd5 cxd5 31. Rxd5 Rh6 32.
Be1 Rh3+ 33. Kg2 Re3 34. Bg3 Re2+ 35. Kf3 Rxa2 36. Rd6 Re6 37. Rd7 f6 38.
Rxh7 fxe5 39. fxe5 Ra3 40. Rb7 a5 41. Rb5 a4 42. Ra5 Rxb3+ 43. Kg2 a3 44. h4
Rb2+ 45. Kh3 a2 46. h5 Rh6 47. Kh4 Rb4+ 48. Kh3 Rxh5+ 49. Kg2
{Black forfeits on time}
1-0

[Event "ICCopen2017"]
[Site "Internet Chess Club"]
[Date "2017.03.25"]
[Round "5"]
[White "Lightlike"]
[Black "flashlight"]
[Result "1-0"]
[ICCResult "Black forfeits on time"]
[WhiteElo "2612"]
[BlackElo "2055"]
[Opening "Scandinavian (center counter) defense"]
[ECO "B01"]
[NIC "VO.17"]
[Time "14:51:28"]
[TimeControl "180+0"]

1. e4 d5 2. exd5 Qxd5 3. Nf3 Nc6 4. d4 Bg4 5. Be2 O-O-O 6. c4 Qf5 7. Be3 e5
8. d5 Nf6 9. Nc3 Nb4 10. O-O Bxf3 11. Bxf3 Nc2 12. Rc1 Nxe3 13. fxe3 Qg5 14.
Kh1 Qxe3 15. Re1 Qg5 16. Qa4 Bc5 17. b4 Be3 18. Rcd1 Kb8 19. c5 a6 20. d6
cxd6 21. c6 e4 22. Nxe4 Nxe4 23. Bxe4 d5 24. Qa5 bxc6 25. Bf3 Kb7 26. Rb1
Bb6 27. Qa4 Rhe8 28. Be2 Ra8 29. Rbc1 Re6 30. Bf1 Qf6 31. Qc2 Rxe1 32. Rxe1
g6 33. a4 Qd6 34. b5 axb5 35. axb5 c5 36. Be2 Bc7 37. g3 h5 38. Bf3 Kb6 39.
Rd1 Re8 40. Rxd5 Re1+ 41. Kg2 Qe7 42. Qd2 h4 43. Rd7 h3+ 44. Kxh3 Qe6+ 45.
Kg2 Be5 46. Qd5 Qxd5 47. Rxd5 {Black forfeits on time} 1-0

[Event "ICCopen2017"]
[Site "Internet Chess Club"]
[Date "2017.03.25"]
[Round "5"]
[White "SebasTian6"]
[Black "StaggerLee"]
[Result "1-0"]
[ICCResult "Black checkmated"]
[WhiteElo "1565"]
[BlackElo "1354"]
[Opening "Ruy Lopez: Schliemann defense"]
[ECO "C63"]
[NIC "RL.06"]
[Time "14:51:39"]
[TimeControl "180+0"]

1. e4 e5 2. Nf3 Nc6 3. Bb5 f5 4. d3 d6 5. Bg5 Be7 6. Bxe7 Qxe7 7. Nc3 Nf6 8.
Qb1 fxe4 9. dxe4 O-O 10. Qd1 Bg4 11. Qd3 Bxf3 12. Qxf3 Nd4 13. Qd3 a6 14.
Bc4+ Kh8 15. f3 b5 16. Bd5 c6 17. Bb3 a5 18. a3 b4 19. Ne2 c5 20. a4 Rac8
21. Bc4 Nh5 22. b3 Nxe2 23. Qxe2 Nf4 24. Qd2 Qg5 25. g3 Nh3 26. Be6 Qxd2+
27. Kxd2 Nf2 28. Rhf1 Rce8 29. Bd7 Re7 30. Rxf2 Rxd7 31. Ke3 Rdf7 32. Rd1
Rf6 33. Rdf1 g6 34. f4 exf4+ 35. gxf4 Kg7 36. Rf3 h6 37. h4 g5 38. hxg5 hxg5
39. fxg5 Rxf3+ 40. Rxf3 Rxf3+ 41. Kxf3 Kg6 42. Kg4 Kf7 43. Kf5 Kg7 44. Ke6
Kg6 45. Kxd6 Kxg5 46. e5 Kf4 47. e6 Ke3 48. e7 Kd2 49. e8=Q Kxc2 50. Qe6 Kb2
51. Kxc5 Ka3 52. Kb5 Kb2 53. Kxa5 Ka3 54. Kb5 Ka2 55. Kxb4 Kb2 56. a5 Kc1
57. a6 Kd2 58. a7 Kc2 59. a8=Q Kb2 60. Qg2+ Kc1 61. Qe1# {Black checkmated}
1-0

[Event "ICCopen2017"]
[Site "Internet Chess Club"]
[Date "2017.03.25"]
[Round "5"]
[White "ol4ik"]
[Black "notetengomiedo"]
[Result "0-1"]
[ICCResult "White forfeits on time"]
[WhiteElo "2131"]
[BlackElo "1810"]
[Opening "French: advance, Wade variation"]
[ECO "C02"]
[NIC "FR.03"]
[Time "14:51:28"]
[TimeControl "180+0"]

1. e4 e6 2. d4 d5 3. e5 c5 4. c3 Bd7 5. Nf3 Qb6 6. a3 c4 7. Nbd2 Nc6 8. Be2
Na5 9. O-O Nb3 10. Nxb3 Ba4 11. Qd2 Qxb3 12. Ne1 Ne7 13. h4 h5 14. g3 g6 15.
Ng2 Qc2 16. Qe3 Nf5 17. Qf3 Qb3 18. Bg5 Be7 19. Bf6 Bxf6 20. exf6 O-O-O 21.
Nf4 Qb6 22. Nh3 Bc2 23. Ng5 Rd7 24. Rfc1 Bb3 25. Qf4 Qd8 26. Qe5 Qc7 27. Bf1
Qxe5 28. dxe5 d4 29. cxd4 Nxd4 30. Bxc4 Bxc4 31. Rxc4+ Kb8 32. Kg2 Nc6 33.
f4 Rc8 34. Rac1 Rcc7 35. R1c2 Rd1 36. b4 a6 37. a4 Rb1 38. Kf3 Rd7 39. Ne4
Nd4+ 40. Ke3 Nxc2+ 41. Rxc2 Rxb4 42. Nd6 Rxa4 43. Rc8+ Ka7 44. Nc4 Rxc4 45.
Rxc4 Kb8 46. Ke4 b5 47. Rc1 Kb7 48. f5 gxf5+ 49. Kf4 b4 50. Kg5 a5 51. Kxh5
b3 52. Kg5 a4 53. h5 b2 54. Rb1 a3 55. h6 Kb6 56. h7 Rd8 57. Kh6 Kb5 58. Kg7
Kb4 59. Kxf7 Kb3 60. Kg7 a2 61. Rf1 a1=Q 62. Rf3+ Ka2 63. h8=Q Rxh8 64. Kxh8
Qh1+ 65. Kg7 b1=Q {White forfeits on time} 0-1

[Event "ICCopen2017"]
[Site "Internet Chess Club"]
[Date "2017.03.25"]
[Round "5"]
[White "Aravind"]
[Black "skewerd"]
[Result "1-0"]
[ICCResult "Black forfeits on time"]
[WhiteElo "2210"]
[BlackElo "1865"]
[Opening "Queen's Indian: Miles variation"]
[ECO "A46"]
[NIC "QP.05"]
[Time "14:51:47"]
[TimeControl "180+0"]

1. d4 Nf6 2. Nf3 e6 3. Bf4 b6 4. c4 Bb7 5. Nc3 Be7 6. e3 O-O 7. Bd3 d5 8. h4
c5 9. cxd5 exd5 10. Qc2 Nc6 11. a3 Rc8 12. Qa4 Na5 13. O-O c4 14. Bf5 Bc6
15. Qc2 Ra8 16. Ne5 Be8 17. g4 g6 18. Bh6 gxf5 19. Qxf5 Kh8 20. Bxf8 Bxf8
21. g5 Nh5 22. Nxf7+ Bxf7 23. Qxf7 Qe8 24. Qxe8 Rxe8 25. Nxd5 b5 26. Nc7 Re4
27. Nxb5 Rg4+ 28. Kh2 Rxh4+ 29. Kg2 Rg4+ 30. Kf3 Rxg5 31. Nc3 Nf6 32. e4 Nb3
33. Rad1 Bg7 34. d5 Nd7 35. Ne2 Be5 36. Rg1 h6 37. Rxg5 hxg5 38. Kg4 Bf6 39.
Kf5 Kg7 40. f4 gxf4 41. Nxf4 Nd4+ 42. Kg4 Nc2 43. Ne6+ Kf7 44. Rc1 Ne3+ 45.
Kf3 Ne5+ 46. Kxe3 Nd3 47. Rxc4 Nxb2 48. Rc7+ Kg6 49. Nf4+ Kg5 50. Nh3+ Kh4
51. Nf2 Bg5+ 52. Kf3 {Black forfeits on time} 1-0

[Event "ICCopen2017"]
[Site "Internet Chess Club"]
[Date "2017.03.25"]
[Round "5"]
[White "fisek2007"]
[Black "Jesus"]
[Result "1-0"]
[ICCResult "Black forfeits on time"]
[WhiteElo "2340"]
[BlackElo "1865"]
[Opening "English opening"]
[ECO "A10"]
[NIC "EO.64"]
[Time "14:51:17"]
[TimeControl "180+0"]

1. c4 d6 2. Nc3 Nf6 3. b4 g6 4. Rb1 Bg7 5. g3 O-O 6. Bg2 c6 7. a4 Nbd7 8. b5
Qc7 9. Nf3 Rd8 10. O-O Ne5 11. Nxe5 dxe5 12. d3 Be6 13. Bg5 Bxc4 14. bxc6
bxc6 15. Qc2 Be6 16. Bxf6 exf6 17. Nb5 Qe7 18. Qxc6 Rac8 19. Qa6 Rc2 20. Bf3
Bh3 21. Rfc1 Qb4 22. Nxa7 Qb2 23. Re1 Qc3 24. Nc6 Re8 25. Qb5 Bd7 26. Qb4
Bxc6 27. Qxc3 Rxc3 28. Bxc6 Rxc6 29. Rb7 Ra8 30. Reb1 Rxa4 31. Rd7 Bf8 32.
Rbb7 Rc8 33. Rxf7 Ra1+ 34. Kg2 f5 35. Rxh7 e4 36. h4 exd3 37. exd3 f4 38. h5
{Black forfeits on time}
1-0

[Event "ICCopen2017"]
[Site "Internet Chess Club"]
[Date "2017.03.25"]
[Round "5"]
[White "SPARNALIQ"]
[Black "HuevosDeLeon"]
[Result "1-0"]
[ICCResult "Black forfeits on time"]
[WhiteElo "3008"]
[BlackElo "2607"]
[Opening "Scandinavian defense"]
[ECO "B01"]
[NIC "SD.01"]
[Time "14:51:40"]
[TimeControl "180+0"]

1. e4 d5 2. exd5 Qxd5 3. Nc3 Qa5 4. d4 Nf6 5. Nf3 Bf5 6. Bc4 e6 7. Bd2 Bb4
8. a3 Bxc3 9. Bxc3 Qb6 10. O-O Nc6 11. b4 O-O 12. h3 Rad8 13. a4 a5 14. b5
Nb4 15. Bxb4 axb4 16. Bd3 Be4 17. Bxe4 Nxe4 18. Qd3 Nc3 19. Qc4 c6 20. Rfe1
cxb5 21. Qxb4 Rc8 22. Ra3 Nd5 23. Qb2 b4 24. Rb3 Qc6 25. Re2 Qxa4 26. Ne5
Rc3 27. Nd3 Rxb3 28. cxb3 Qb5 29. Nc5 b6 30. Ne4 Qd3 31. Qc2 Qxc2 32. Rxc2
Nc3 33. Nd6 Rd8 34. Nc4 b5 35. Ne5 Rxd4 36. Nc6 Rd1+ 37. Kh2 Rb1 38. Nxb4
Rxb3 39. Na2 b4 40. Nxb4 Rxb4 41. Rxc3 g6 42. g3 h5 43. Kg2 Kg7 44. h4 Rd4
45. Rc7 Kf6 46. Rc1 Rd5 47. Re1 Re5 48. Ra1 Rd5 49. Ra7 e5 50. Ra6+ Kf5 51.
Ra3 Rd7 52. Ra6 f6 53. Ra5 Re7 54. Rb5 g5 55. hxg5 fxg5 56. Kf3 g4+ 57. Ke3
Kg5 58. Rb8 Rg7 59. Re8 Kf5 60. Rf8+ Kg5 61. Ke4 h4 62. Rf5+ Kh6 63. gxh4 g3
64. Rf6+ Kh5 65. fxg3 Rxg3 66. Rf8 Kxh4 67. Rh8+ Kg4 68. Kxe5 Rh3 69. Rg8+
Kf3 70. Rb8 Kg2 71. Kf4 Rh4+ 72. Ke3 Rh3+ 73. Ke2 Kh2 74. Rg8 Rg3 75. Rf8
Kg2 76. Rf2+ Kh3 77. Rf6 Rg2+ 78. Kf1 Rg3 79. Rh6+ Kg4 80. Rc6 Rf3+ 81. Ke2
Rf4 82. Rc5 {Black forfeits on time} 1-0

[Event "ICCopen2017"]
[Site "Internet Chess Club"]
[Date "2017.03.25"]
[Round "5"]
[White "zepelin"]
[Black "halski"]
[Result "0-1"]
[ICCResult "White forfeits on time"]
[WhiteElo "1973"]
[BlackElo "2409"]
[Opening "Scandinavian: Pytel-Wade variation"]
[ECO "B01"]
[NIC "SD.02"]
[Time "14:51:19"]
[TimeControl "180+0"]

1. e4 d5 2. exd5 Qxd5 3. Nc3 Qd6 4. d4 c6 5. Nf3 Bg4 6. Be2 Nd7 7. O-O Ngf6
8. h3 Bh5 9. Be3 e6 10. Nd2 Bxe2 11. Qxe2 Be7 12. Nde4 Qb4 13. a3 Qa5 14.
Nxf6+ Nxf6 15. Rad1 O-O 16. Bc1 Rad8 17. Ne4 Rfe8 18. Nxf6+ Bxf6 19. c3 Qd5
20. Rfe1 g6 21. Qe4 Bg7 22. Qxd5 cxd5 23. f4 Rc8 24. g4 b5 25. Kg2 a5 26. f5
exf5 27. gxf5 b4 28. fxg6 hxg6 29. axb4 axb4 30. Bd2 bxc3 31. Bxc3 f5 32.
Kf3 Re4 33. Rxe4 dxe4+ 34. Kf4 Kf7 35. Ra1 Rc7 36. h4 Rd7 37. h5 Bh6+ 38.
Ke5 Re7+ 39. Kd5 gxh5 40. Rh1 Kg6 41. Kd6 Bf8 42. Rg1+ Kf7 43. Kd5 e3 44.
Rf1 Kg6 45. Rg1+ Kf7 46. Rf1 Kf6 47. Kc4 e2 48. d5+ Kg5 49. Re1 f4 50. d6
Re4+ 51. Kd3 Re3+ 52. Kd2 Bxd6 53. Rxe2 Rxe2+ 54. Kxe2 Kg4 55. Kf2 f3 56.
Kg1 Bc5+ 57. Kf1 h4 58. Be5 h3 59. b3 Be3 60. Bh2 Bf4 61. b4 Bxh2 62. b5 Bc7
63. Ke1 Bb6 64. Kd2 h2 65. Kd3 h1=Q 66. Kc4 Qg2 67. Kd5 Qe2 68. Kc6 Qc4+ 69.
Kb7 f2 70. Ka6 f1=Q 71. Kb7 Qxb5 72. Ka8 Qc5 73. Kb7 Qa5 74. Kc6 Qa7
{White forfeits on time}
0-1

[Event "ICCopen2017"]
[Site "Internet Chess Club"]
[Date "2017.03.25"]
[Round "5"]
[White "arnav311004"]
[Black "manusupergm2001"]
[Result "1-0"]
[ICCResult "Black checkmated"]
[WhiteElo "1711"]
[BlackElo "2153"]
[Opening "Réti opening"]
[ECO "A04"]
[NIC "QP.10"]
[Time "14:52:00"]
[TimeControl "180+0"]

1. Nf3 c5 2. g3 Nc6 3. Bg2 Nf6 4. O-O e6 5. c4 d5 6. cxd5 exd5 7. b3 Be7 8.
Bb2 O-O 9. d4 Ne4 10. dxc5 Bxc5 11. Nd4 Qb6 12. e3 Rd8 13. Nc3 Nxd4 14. Na4
Qb5 15. Nxc5 Qxc5 16. Bxd4 Qe7 17. Rc1 Bf5 18. Qf3 Bg6 19. Rfd1 Qg5 20. h4
Qh6 21. Bh3 Bh5 22. g4 Bg6 23. h5 Ng5 24. Qg3 Be4 25. Bg2 Qe6 26. f3 f5 27.
gxf5 Qxf5 28. fxe4 dxe4 29. Rc5 Qxc5 30. Bxc5 Rxd1+ 31. Kh2 h6 32. Bd4 Rd2
33. Qc7 Ne6 34. Qc4 Kf7 35. Kg3 b5 36. Qxb5 Nxd4 37. exd4 Rxd4 38. Qb7+ Kf6
39. Qxa8 Kg5 40. Qxa7 Rd3+ 41. Kh2 Kh4 42. Bxe4 Rd2+ 43. Bg2 Rxa2 44. Qxa2
Kxh5 45. b4 g5 46. b5 Kh4 47. b6 g4 48. b7 h5 49. Kg1 g3 50. b8=Q Kg4 51.
Qc4+ Kg5 52. Qbb5+ Kh6 53. Qcc6+ Kh7 54. Qbb7+ Kh8 55. Qcc8# {Black
checkmated} 1-0

[Event "ICCopen2017"]
[Site "Internet Chess Club"]
[Date "2017.03.25"]
[Round "5"]
[White "fishmaster"]
[Black "Unico"]
[Result "0-1"]
[ICCResult "White resigns"]
[WhiteElo "1735"]
[BlackElo "2492"]
[Opening "Robatsch (modern) defense"]
[ECO "B06"]
[NIC "KF.06"]
[Time "14:52:25"]
[TimeControl "180+0"]

1. e4 g6 2. d3 Bg7 3. Nd2 d6 4. Ngf3 c5 5. g3 Nc6 6. Bg2 e6 7. O-O Nge7 8.
c3 O-O 9. Re1 b6 10. Nf1 Ba6 11. Be3 Ne5 12. Nxe5 dxe5 13. Qd2 Qxd3 14. Qxd3
Bxd3 15. Nd2 Rfd8 16. Rad1 Rd7 17. Bf1 Rad8 18. Bxd3 Rxd3 19. Kf1 f5 20. f3
f4 21. gxf4 Bh6 22. Ke2 exf4 23. Bf2 Nc6 24. Nc4 Rxd1 25. Rxd1 Rxd1 26. Kxd1
Bg7 27. Ke2 h6 28. h4 Bf6 29. Nd2 Ne5 30. Nb3 Nc4 31. Nc1 Nxb2 32. Kd2 Nc4+
33. Kd3 Ne5+ 34. Ke2 Kf7 35. Nb3 g5 36. hxg5 Bxg5 37. Nd2 h5 38. c4 h4 39.
Bg1 h3 40. Bh2 Nc6 41. a3 e5 42. Kd3 Bh4 43. Ke2 Nd4+ 44. Kf1 Bg3 45. Kg1
Ne2+ 46. Kh1 Bf2 47. Nf1 Ng3+ 48. Bxg3 fxg3 49. Nd2 g2+ 50. Kh2 g1=Q+
{White resigns}
0-1

[Event "ICCopen2017"]
[Site "Internet Chess Club"]
[Date "2017.03.25"]
[Round "5"]
[White "Alikfish"]
[Black "sacov"]
[Result "0-1"]
[ICCResult "White resigns"]
[WhiteElo "1822"]
[BlackElo "2141"]
[Opening "Scandinavian defense"]
[ECO "B01"]
[NIC "SD.03"]
[Time "14:52:49"]
[TimeControl "180+0"]

1. e4 d5 2. exd5 Nf6 3. Nc3 Nxd5 4. Nxd5 Qxd5 5. Qf3 Qe6+ 6. Be2 Nc6 7. c3
Bd7 8. d4 Qg6 9. Bd3 Qd6 10. Bf4 Qe6+ 11. Ne2 Qf6 12. Bxc7 Qxf3 13. gxf3 f6
14. Bg3 h5 15. h4 O-O-O 16. O-O-O g5 17. d5 Ne5 18. Bxe5 fxe5 19. hxg5 h4
20. f4 Bg7 21. fxe5 Bxe5 22. f4 Bd6 23. Rdf1 h3 24. c4 b6 25. Nd4 Rdf8 26.
f5 h2 27. g6 Rhg8 28. Nf3 Bxf5 29. Bxf5+ Rxf5 30. Nd4 Rxf1+ 31. Rxf1 Rxg6
32. Nf3 Rg2 33. a3 a5 34. Rh1 Rf2 35. Nh4 Be5 36. b4 axb4 37. axb4 Ra2 38.
Rxh2 Bxh2 39. Nf3 Bd6 40. Nd4 Bxb4 41. Nc6 Bc5 42. Kb1 Rg2 43. Kc1 Kc7 44.
Na5 bxa5 {White resigns} 0-1

[Event "ICCopen2017"]
[Site "Internet Chess Club"]
[Date "2017.03.25"]
[Round "5"]
[White "CapitanCentella"]
[Black "Dupinpon"]
[Result "0-1"]
[ICCResult "White forfeits on time"]
[WhiteElo "1805"]
[BlackElo "1627"]
[Opening "King's Indian: Sämisch, 5...O-O"]
[ECO "E81"]
[NIC "KI.51"]
[Time "14:51:44"]
[TimeControl "180+0"]

1. d4 Nf6 2. c4 g6 3. Nc3 Bg7 4. e4 d6 5. f3 O-O 6. Bg5 h6 7. Be3 e5 8. d5
c6 9. Qd2 Kh7 10. h4 cxd5 11. cxd5 Nbd7 12. h5 g5 13. Nh3 Nc5 14. Bxg5 hxg5
15. Nxg5+ Kg8 16. h6 Bh8 17. Qf2 Nh7 18. Nh3 Qf6 19. Qg3+ Qg6 20. Qf2 Bd7
21. Be2 b5 22. a3 a5 23. Nd1 b4 24. Ne3 bxa3 25. Rxa3 Rfb8 26. Nc4 Nb3 27.
Qe3 Nd4 28. Nf2 Nc2+ 29. Kd2 Nxe3 30. Rxe3 a4 31. g4 Rb3 32. Nd3 a3 33. bxa3
Bb5 34. Ndb2 Rxe3 35. Kxe3 Qg5+ 36. Kf2 Bxc4 37. Nxc4 Qe7 38. Rh5 Ng5 39.
Nb6 Rxa3 40. Nc8 Qd8 41. Nxd6 Nxe4+ 42. fxe4 Qxd6 43. Rg5+ Kh7 44. Rf5 Qc5+
45. Kg2 Kg6 {White forfeits on time} 0-1